 Dungeon Crawl Stone Soup version 0.28-a0-1286-g6bde065e89 (webtiles) character file.

Game seed: 5471574402521688485

585 chakani the Sneak (level 7, -4/34 HPs)
             Began as a Vine Stalker Brigand on Dec 27, 2021.
             Slain by a river rat (6 damage)
             ... summoned by Eustachio
             ... on level 4 of the Dungeon.
             The game lasted 00:04:33 (3836 turns).

chakani the Sneak (Vine Stalker Brigand)            Turns: 3836, Time: 00:04:34

Health: -4/34      AC:  3    Str: 13    XL:     7   Next: 37%
Magic:  0/8        EV: 11    Int: 13    God:
Gold:   196        SH:  0    Dex: 16    Spells: 6/6 levels left

rFire   . . .      SeeInvis .   a - +2 dagger
rCold   . . .      Faith    .   (no shield)
rNeg    . . .      Spirit   +   b - +0 robe
rPois   .          Reflect  .   (no helmet)
rElec   .          Harm     .   c - +0 cloak
rCorr   .          Rampage  .   (no gloves)
Will    .....                   (no boots)
Stlth   ++++......              (no amulet)
HPRegen 0.91/turn               (no ring)
MPRegen 0.11/turn               (no ring)

@: no status effects
A: fangs 2, regeneration 1, magic shield, antimagic bite, no potion heal 2
a: no special abilities


You were on level 4 of the Dungeon.
You visited 1 branch of the dungeon, and saw 5 of its levels.

You collected 196 gold pieces.

Inventory:

Hand Weapons
 a - a +2 dagger (weapon)
Missiles
 d - 4 poisoned darts (quivered)
 e - a curare-tipped dart
Armour
 b - a +0 robe (worn)
 c - a +0 cloak (worn)
Jewellery
 j - a ring of ice
Wands
 l - a wand of acid (4)
Scrolls
 f - 2 scrolls of identify
 g - 2 scrolls of enchant armour
 h - 2 scrolls of amnesia
 m - a scroll of noise {unknown}
 n - a scroll of blinking {unknown}
Potions
 i - a potion of lignification {unknown}
 k - 2 potions of curing {unknown}


   Skills:
 - Level 1.7 Fighting
 + Level 6.0 Short Blades
 - Level 1.7 Throwing
 - Level 0.7 Dodging
 - Level 7.4 Stealth


You had 6 spell levels left.
You didn't know any spells.
Your spell library was empty.

Dungeon Overview and Level Annotations

Branches:
Dungeon (5/15)
 Temple: D:4-7

Altars:
Uskayaw

Annotations:
D:4 Eustachio


Innate Abilities, Weirdness & Mutations

You have extremely sharp teeth.
Your natural rate of healing is unusually fast.
When hurt, damage is shared between your health and your magic reserves.
Your bite disrupts and absorbs the magic of your enemies.
Potions cannot restore your health.


Message History

The bat closely misses you. The bat hits you.
Eustachio says, "Summoning is fun!"
Eustachio barely misses you.
You hit Eustachio.
Eustachio is almost dead.
The bat barely misses you.
You hit Eustachio. You bite Eustachio, but do no damage.
Eustachio is almost dead.
The bat hits you but does no damage. The bat barely misses you.
Eustachio falters for a moment.
You hit Eustachio but do no damage.
Eustachio is almost dead.
The bat closely misses you.
Eustachio gestures wildly while chanting.
Eustachio blinks!
The river rat bites you!
You hit the river rat but do no damage. The bat hits you but does no damage.
The river rat bites you. The bat barely misses you.
You hit the river rat but do no damage.
Eustachio's magic is no longer disrupted.
Eustachio gestures wildly while chanting.
Eustachio blinks!
The bat closely misses you.
The river rat bites you but does no damage.
You hit the bat.
You kill the bat!
The bat's corpse disappears in a puff of smoke!
Eustachio hits you with a +0 rapier.
You barely miss Eustachio.
Eustachio is almost dead.
The river rat bites you.
You hit Eustachio. Your bite misses Eustachio.
Eustachio is almost dead.
Eustachio hits you with a +0 rapier!
* * * LOW HITPOINT WARNING * * *
The river rat bites you!
* * * LOW HITPOINT WARNING * * *
You hit Eustachio but do no damage. Your bite misses Eustachio.
Eustachio is almost dead.
Eustachio barely misses you. The river rat bites you.
You die...

# #.# #........... # #(#
##.####.#### # #.# #.# #.#
####.# ######### #.# #.#
..##.# #.......#
######.####.# #.##.#
#.#####.###...........#
#.##.# #.#
#.#...b....######
#.##.###.## #.#@#.####.#
#.##.##.#.## #.#@#.# #.#
#.#....###.# #.#r#.# #.#
.....##.#.## #.#.#.# #.#
..#.####r#####ยง#.#.####.#
..#....r@@.5.)).........#
..#.#....5.r...#.##.#####
..#.#.########.#.##.#
.##.#.# #.#.##.#
....#@#### #.#.##.#


You could see Eustachio and a river rat (summoned).

Vanquished Creatures
  Grinder (D:3)
  Menkaure (D:4)
  A scorpion (D:4)
  A bullfrog zombie (D:5)
  2 hounds (D:4)
  An iguana (D:4)
  A howler monkey skeleton (D:4)
  An adder (D:3)
  2 dart slugs
  4 ball pythons
  A bat (D:3)
  9 endoplasms
  4 giant cockroaches
  5 goblins
  8 hobgoblins
  3 jackals (D:2)
  7 kobolds
  4 quokkas (D:1)
  3 frilled lizards
  5 rats
64 creatures vanquished.

Vanquished Creatures (collateral kills)
  A ball python (D:3)
1 creature vanquished.

Grand Total: 65 creatures vanquished

Notes
Turn   | Place    | Note
-------+----------+-------------------------------------------
     0 | D:1      | chakani the Vine Stalker Brigand began the quest for the
                  | Orb.
     0 | D:1      | Reached XP level 1. HP: 11/11 MP: 2/2
   328 | D:1      | Reached XP level 2. HP: 15/15 MP: 3/3
  1042 | D:1      | Reached XP level 3. HP: 18/18 MP: 4/4
  1610 | D:2      | Found a hide-covered altar of Uskayaw.
  1810 | D:2      | Found a faded altar of an unknown god.
  2275 | D:3      | Gained mutation: Your natural rate of healing is unusually
                  | fast. [Vine Stalker growth]
  2275 | D:3      | Reached XP level 4. HP: 16/23 MP: 5/5
  2709 | D:3      | Noticed Grinder
  2776 | D:3      | Killed Grinder
  2777 | D:3      | Reached skill level 5 in Short Blades
  2777 | D:3      | Reached XP level 5. HP: 8/26 MP: 6/6
  2777 | D:3      | Reached XP level 6. HP: 9/30 MP: 7/7
  2949 | D:4      | Reached skill level 5 in Stealth
  3093 | D:4      | Noticed Menkaure
  3140 | D:4      | Killed Menkaure
  3141 | D:4      | Reached skill level 6 in Stealth
  3141 | D:4      | Reached XP level 7. HP: 16/34 MP: 6/8
  3427 | D:4      | Reached skill level 7 in Stealth
  3748 | D:5      | Entered Level 5 of the Dungeon
  3765 | D:5      | Noticed Eustachio
  3835 | D:4      | HP: 1/34 [river rat[Eustachio] (7)]
  3836 | D:4      | Slain by a river rat

Illustrated notes

Levels and vault maps discovered:
D:1:      dpeg_arrival_long_road, layout_loops_corners
D:2:      layout_basic, shapermc_ecumenical_altar_mp_urbaneastern, basic_altar,
          minmay_misc_feat_secret_circle
D:3:      layout_loops_cross, uniq_grinder
D:4:      layout_loops_ring, uniq_menkaure
D:5:      layout_rooms, grunt_ministairs_13, serial_bayou_pond_d, uniq_sigmund,
          uniq_eustachio

Skill      XL: |  1  2  3  4  5  6  7 |
---------------+----------------------+-----
Short Blades   | 2 3 5 6 |  6.0
Stealth        | 6 7 |  7.4
Fighting       | |  1.7
Throwing       | |  1.7
Dodging        | |  0.7

Action                   |  1- 3 |  4- 6 |  7- 9 || total
-------------------------+-------+-------+-------++-------
Melee: Dagger            |    93 |    58 |    57 ||   208
       Bite              |    28 |    20 |    11 ||    59
Throw: Dart              |     3 |       |    12 ||    15
  Use: Scroll            |       |     4 |       ||     4
       Potion            |       |     2 |       ||     2
 Stab: Sleeping          |    19 |     5 |     2 ||    26
Armor: Robe              |    14 |     4 |    19 ||    37
Dodge: Dodged            |    33 |    18 |    49 ||   100

Table legend: (Time is in decaauts)
 A = Elapsed time spent in this place.
 B = Non-inter-level travel time spent in this place.
 C = Inter-level travel time spent in this place.
 D = Time resting spent in this place.
 E = Time spent auto-exploring this place.
 F = Levels seen in this place.
 G = Mean time per level.
                   A        B        C        D        E       F      G
               +--------+--------+--------+--------+--------+-----+--------+
         Total |   3770 |   3647 |    123 |    294 |   2695 |   5 |  754.0 |
       Dungeon |   3770 |   3647 |    123 |    294 |   2695 |   5 |  754.0 |
               +--------+--------+--------+--------+--------+-----+--------+

Top non-repeatable levels by time:
     D:1: 1228 daAuts
     D:2: 930 daAuts
     D:4: 846 daAuts
     D:3: 758 daAuts
     D:5: 7 daAuts
